 Dungeon Crawl Stone Soup version 0.16.1-30-g34a7ffa (webtiles) character file.

64 Jb9000 the Shooter (level 3, -1/28 HPs)
             Began as a Centaur Arcane Marksman on June 26, 2015.
             Killed from afar by an orc wizard (6 damage)
             ... with a magic dart
             ... on level 3 of the Dungeon.
             The game lasted 00:17:35 (2538 turns).

Jb9000 the Shooter (Centaur Arcane Marksman)        Turns: 2538, Time: 00:17:35

Health: -1/28      AC:  4    Str: 13    XL:     3   Next: 91%
Magic:  3/5        EV:  9    Int: 13    God:
Gold:   92         SH:  0    Dex:  8    Spells: 2 memorised, 2 levels left

rFire  . . .     SeeInvis .     l - +0 spear
rCold  . . .     Clarity  .     a - +0 robe
rNeg   . . .     SustAb   .     (no shield)
rPois  .         Gourm    .     (no helmet)
rElec  .         Spirit   .     (no cloak)
rCorr  .         Warding  .     (no gloves)
rMut   .         Stasis   .     (no barding)
MR     .....                    (no amulet)
Stlth  +.........               (no ring)
                                (no ring)

@: slowed, not resistant to hostile enchantments, very unstealthy
A: hooves 3, deformed body, speed 2, tough skin 3
a: no special abilities


You were on level 3 of the Dungeon.
You were not hungry.

You visited 1 branch of the dungeon, and saw 3 of its levels.

You collected 92 gold pieces.

Inventory:

Hand weapons
 b - a +1 shortbow
 e - a cursed -2 short sword
 l - a +0 spear (weapon)
 o - a +0 hunting sling
Missiles
 c - 7 arrows
 i - 72 stones (quivered)
 s - 21 bolts
Armour
 a - a +0 robe (worn)
Scrolls
 g - a scroll of teleportation
 h - a scroll of magic mapping
 k - a scroll of enchant weapon
 p - 2 scrolls of identify
Potions
 j - 2 potions of agility
 m - a potion of curing {unknown}
 n - 2 potions of haste {unknown}
 t - a potion of mutation {unknown}
 u - a potion of might {unknown}
Books
 d - a book of Debilitation

   Spells                             Type                      Level
   a - Corona                         Hexes                        1
   b - Slow                           Hexes                        2
   c - Inner Flame                    Hexes/Fire                   3
   d - Enslavement                    Hexes                        4
   e - Cause Fear                     Hexes                        4
   f - Leda's Liquefaction            Hexes/Earth                  4
Comestibles
 f - 2 bread rations
 q - a beef jerky
 r - a chunk of flesh


   Skills:
 + Level 1.3 Fighting
 * Level 0.3 Polearms
 + Level 0.7 Slings
 + Level 3.3 Bows
 + Level 1.8 Dodging
 * Level 0.8 Stealth
 + Level 1.6 Spellcasting
 + Level 2.8 Hexes


You had 2 spell levels left.
You knew the following spells:

 Your Spells              Type           Power        Failure   Level  Hunger
a - Corona                Hex            #......      10%         1    ##.....
b - Slow                  Hex            #.......     14%         2    ###....


Dungeon Overview and Level Annotations

Branches:
Dungeon (3/15)

Altars:


Innate Abilities, Weirdness & Mutations

You have hooves in place of feet.
Armour fits poorly on your strangely shaped body.
You cover ground very quickly.
You have extremely tough skin (AC +3).


Message History

The orc wizard hits you but does no damage.
The orc wizard closely misses you.
The orc wizard hits you but does no damage.
You miss the orc wizard. You kick the orc wizard.
The orc wizard is heavily wounded.
The orc wizard completely misses you. The orc wizard hits you with a dagger.
* * * LOW HITPOINT WARNING * * *
You hit the orc wizard.
The orc wizard is heavily wounded.
The orc wizard hits you but does no damage.
The orc wizard completely misses you.
The orc wizard hits you but does no damage.
You miss the orc wizard.
The orc wizard is heavily wounded.
The orc wizard hits you with a dagger.
* * * LOW HITPOINT WARNING * * *
The orc wizard barely misses you.
The orc wizard gestures at you while chanting.
The magic dart hits you!
You die...

####...(...#.#
#....#.(.....#
#.#<>#...#...# #
#..(...#.#(###
##...###.....#
#...# ###...#
#...# #...##
#...#####....#
#.##...##o.@..#.#
#.........###.#.#
##....#.........#
#....##..#.#.###
#........#.#.#
#####.#..#.#.#
#.#....#.#
#...####.#
.....K.oo#


You could see an orc wizard.

Vanquished Creatures
  2 adders (D:2)
  A worm (D:2)
  2 oozes (D:1)
  4 orcs (D:2)
  4 bats
  3 giant cockroaches (D:2)
  3 goblins
  2 hobgoblins (D:2)
  A ball python (D:1)
  4 giant newts
  5 kobolds
  5 rats
36 creatures vanquished.

Notes
Turn   | Place    | Note
--------------------------------------------------------------
     0 | D:1      | Jb9000, the Centaur Arcane Marksman, began the quest for the Orb.
     0 | D:1      | Reached XP level 1. HP: 16/16 MP: 2/2
   121 | D:1      | Reached skill level 3 in Bows
   309 | D:1      | Reached XP level 2. HP: 21/23 MP: 1/3
   377 | D:1      | Learned a level 2 spell: Slow
  1276 | D:2      | Reached XP level 3. HP: 26/28 MP: 0/4
  2538 | D:3      | Killed from afar by an orc wizard

Action                   || total
-------------------------++-------
Melee: Spear             ||    71
 Fire: Shortbow          ||    70
Throw: Stone             ||     3
 Cast: Corona            ||    38
       Slow              ||     7
  Use: Scroll            ||     7
  Eat: Chunk             ||     5
